 Dungeon Crawl Stone Soup version 0.24-a0-284-g9fb9971 (webtiles) character file.

Game seed: 1820127323301167101

5 mhoghedin the Chiller (level 1, 14/14 HPs)
             Began as a Demigod Ice Elementalist on May 6, 2019.
             Quit the game on level 1 of the Dungeon.
             The game lasted 00:00:50 (153 turns).

mhoghedin the Chiller (Demigod Ice Elementalist)     Turns: 153, Time: 00:00:51

Health: 14/14      AC:  2    Str: 11    XL:     1   Next: 53%
Magic:  3/5        EV: 12    Int: 19    God:
Gold:   13         SH:  0    Dex: 16    Spells: 2/3 levels left

rFire    . . .     SeeInvis .   (no weapon)
rCold    . . .     Gourm    .   (no shield)
rNeg     . . .     Faith    .   a - +0 robe
rPois    .         Spirit   .   (no helmet)
rElec    .         Reflect  .   (no cloak)
rCorr    .         Harm     .   (no gloves)
MR       .....                  (no boots)
Stlth    ++........             (no amulet)
HPRegen  0.04/turn              (no ring)
MPRegen  0.09/turn              (no ring)

@: no status effects
A: high mp 1
a: no special abilities


You were on level 1 of the Dungeon.
You were not hungry.

You visited 1 branch of the dungeon, and saw 1 of its levels.

You collected 13 gold pieces.

Inventory:

Hand Weapons
 d - a +0 hunting sling
   (You found it on level 1 of the Dungeon)
Armour
 a - a +0 robe (worn)
Scrolls
 b - 2 scrolls of fear {unknown}
Comestibles
 c - a ration


   Skills:
 - Level 1.7 Dodging
 - Level 1.7 Stealth
 - Level 1.7 Spellcasting
   Level 0.8 Conjurations
 + Level 3.1 Ice Magic


You had 2 spell levels left.
You knew the following spells:

 Your Spells              Type           Power        Failure   Level  Hunger
a - Freeze                Ice            ##..         4%          1    #......

Your spell library contained the following spells:

 Spells                   Type           Power        Failure   Level  Hunger
 Throw Frost              Conj/Ice       #.....       12%         2    ###....
 Ozocubu's Armour         Chrm/Ice       #.......     28%         3    ###....
 Throw Icicle             Conj/Ice       #.......     58%         4    #####..
 Summon Ice Beast         Ice/Summ       #.......     67%         4    #####..


Dungeon Overview and Level Annotations

Branches:
Dungeon (1/15)


Innate Abilities, Weirdness & Mutations

You have an increased reservoir of magic. (+10% MP)


Message History

Welcome, mhoghedin the Demigod Ice Elementalist.
It is said that the Orb of Zot exists deep within this dungeon.
Found 2 scrolls labeled MYBAOKHLEJUT.
Found an escape hatch in the floor.
Found a staircase leading out of the dungeon.
b - a scroll labeled MYBAOKHLEJUT
b - 2 scrolls labeled MYBAOKHLEJUT (gained 1)
A bat comes into view.
A bat is nearby!
The bat barely misses you. The bat hits you but does no damage. x2
You closely miss the bat. The bat hits you but does no damage.
The bat misses you. x2
Aim: a bat You freeze the bat.
You kill the bat!
You now have 4/5 mp.
You open the door.
There is an open door here.
A kobold comes into view.
MP restored: 5 A kobold is nearby!
A kobold is nearby!
The kobold shouts!
The kobold barely misses you.
You hit the kobold but do no damage. The kobold closely misses you.
Aim: a kobold You freeze the kobold.
The kobold closely misses you.
You now have 4/5 mp.
Aim: a kobold (heavily wounded)
You freeze the kobold.
You kill the kobold!
You now have 3/5 mp.
A giant cockroach comes into view.
MP restored: 5 A giant cockroach is nearby!
A giant cockroach is nearby!
You can't see any susceptible monsters within range! (Use Z to cast anyway.) Unknown command.
The giant cockroach barely misses you.
Aim: a giant cockroach (clinging)
You freeze the giant cockroach. The giant cockroach bites you.
The giant cockroach barely misses you.
You take 1 damage, and have 13/14 hp.
You now have 4/5 mp.
Aim: a giant cockroach (severely wounded, clinging)
You freeze the giant cockroach.
You kill the giant cockroach!
Your Ice Magic skill increases to level 3!
You now have 3/5 mp.
You now have 13 gold pieces.
d - a hunting sling Health restored: 14; MP restored: 5 A kobold comes into view.
A kobold is nearby!
The kobold shouts!
The kobold throws a stone.
The stone hits you but does no damage.
You see here a stone.
You closely miss the kobold. The kobold closely misses you.
Aim: a kobold You freeze the kobold.
The kobold misses you.
You now have 4/5 mp.
Aim: a kobold (severely wounded)
You freeze the kobold.
You kill the kobold!
You now have 3/5 mp.

#..#.# #.#.#
#..#.# #.#.#
#..#.# #.#.#
#..#.# #.#.#
#....###.#.#
#........#.#
######..#####.#.#
#.......# #.#†#
##.####.## #.#@#
#.......########.#
#...............(#
##.##.#.########.#
######## ###


There were no monsters in sight!

Vanquished Creatures
  A bat (D:1)
  A giant cockroach (D:1)
  2 kobolds (D:1)
4 creatures vanquished.

Notes
Turn   | Place    | Note
-------+----------+-------------------------------------------
     0 | D:1      | mhoghedin the Demigod Ice Elementalist began the quest for
                  | the Orb.
     0 | D:1      | Reached XP level 1. HP: 14/14 MP: 5/5
   101 | D:1      | Reached skill level 3 in Ice Magic
   153 | D:1      | Quit the game

Levels and vault maps discovered:
D:1:      dpeg_arrival_boxorama, layout_basic, nrook_mini_vaults,
          minmay_misc_feat_iff

Skill      XL: |  1 |
---------------+----+-----
Ice Magic      | 3 |  3.1
Dodging        | |  1.7
Stealth        | |  1.7
Spellcasting   | |  1.7
Conjurations   | |  0.8

Action                   || total
-------------------------++-------
Melee: Unarmed           ||     3
 Cast: Freeze            ||     7
Armor: Robe              ||     3
Dodge: Dodged            ||    10

Table legend:
 A = Non-vault XP
 B = Vault XP
 C = Vault XP percentage of total XP
 D = Non-vault monster count
 E = Vault monster count
 F = Vault count percentage of total count
                 A         B        C        D         E       F
            +---------+---------+-------+---------+---------+-------
      Total |       8 |       0 |   0.0 |       4 |       0 |   0.0
            +---------+---------+-------+---------+---------+-------
        D:1 |       8 |       0 |   0.0 |       4 |       0 |   0.0
            +---------+---------+-------+---------+---------+-------

Levels and vault maps discovered:
D:1:      dpeg_arrival_boxorama, layout_basic, nrook_mini_vaults,
          minmay_misc_feat_iff

Table legend:
 A = Turns spent in this place as a percentage of turns spent in the entire game.
 B = Non-inter-level travel turns spent in this place as a percentage of non-inter-level travel turns spent in the entire game.
 C = Inter-level travel turns spent in this place as a percentage of turns spent in this place.
 D = Turns resting spent in this place as a percentage of non-inter-level travel turns spent in this place.
 E = Turns spent auto-exploring this place as a percentage of non-inter-level travel turns spent in this place.
 F = Non-inter-level travel turns spent in this place divided by the number of levels of this place that you've seen.
                   A       B       C       D       E      F
               +-------+-------+-------+-------+-------+----------------------
         Total | 100.0 | 100.0 |   0.0 |   0.0 |  81.7 | 153.0
       Dungeon | 100.0 | 100.0 |   0.0 |   0.0 |  81.7 | 153.0
               +-------+-------+-------+-------+-------+----------------------

Table legend:
 A = Kills in this place as a percentage of kills in entire the game.
 B = Kills by you in this place as a percentage of kills by you in the entire game.
 C = Kills by friends in this place as a percentage of kills by friends in the entire game.
 D = Other kills in this place as a percentage of other kills in the entire game.
 E = Experience gained in this place as a percentage of experience gained in the entire game.
 F = Experience gained in this place divided by the number of levels of this place that you have seen.
                   A       B       C       D       E      F
               +-------+-------+-------+-------+-------+----------------------
         Total | 100.0 | 100.0 |   N/A |   N/A | 100.0 |   8.0
       Dungeon | 100.0 | 100.0 |   N/A |   N/A | 100.0 |   8.0
               +-------+-------+-------+-------+-------+----------------------
